Workbook

Sheet Tableau de bord
A1: Sommaire — Suivi de petite caisse
A3: Période du suivi | F3: Suivi des dépenses
A4: Date de début | B4: ='Paramètres'!$B$4 | F4: Dépenses avant taxes | G4: =IFERROR(SUMIFS('Registre'!$G$3:$G$502,'Registre'!$C$3:$C$502,"Dépense",'Registre'!$B$3:$B$502,">="&'Paramètres'!$B$4,'Registre'!$B$3:$B$502,"<="&'Paramètres'!$B$5),0)
A5: Date de fin | B5: ='Paramètres'!$B$5 | F5: TPS suivie | G5: =IFERROR(SUMIFS('Registre'!$I$3:$I$502,'Registre'!$C$3:$C$502,"Dépense",'Registre'!$B$3:$B$502,">="&'Paramètres'!$B$4,'Registre'!$B$3:$B$502,"<="&'Paramètres'!$B$5),0)
F6: TVQ suivie | G6: =IFERROR(SUMIFS('Registre'!$J$3:$J$502,'Registre'!$C$3:$C$502,"Dépense",'Registre'!$B$3:$B$502,">="&'Paramètres'!$B$4,'Registre'!$B$3:$B$502,"<="&'Paramètres'!$B$5),0)
A7: Solde initial | B7: ='Paramètres'!$B$6 | F7: Dépenses totales, taxes incluses | G7: =IFERROR(SUMIFS('Registre'!$K$3:$K$502,'Registre'!$C$3:$C$502,"Dépense",'Registre'!$B$3:$B$502,">="&'Paramètres'!$B$4,'Registre'!$B$3:$B$502,"<="&'Paramètres'!$B$5),0)
A8: Total des entrées en caisse | B8: =IFERROR(SUMIFS('Registre'!$L$3:$L$502,'Registre'!$B$3:$B$502,">="&'Paramètres'!$B$4,'Registre'!$B$3:$B$502,"<="&'Paramètres'!$B$5),0)
A9: Total des sorties de caisse | B9: =IFERROR(SUMIFS('Registre'!$M$3:$M$502,'Registre'!$B$3:$B$502,">="&'Paramètres'!$B$4,'Registre'!$B$3:$B$502,"<="&'Paramètres'!$B$5),0) | F9: Pièces justificatives à obtenir | G9: =IFERROR(COUNTIFS('Registre'!$P$3:$P$502,"À obtenir",'Registre'!$B$3:$B$502,">="&'Paramètres'!$B$4,'Registre'!$B$3:$B$502,"<="&'Paramètres'!$B$5),0)
A10: Solde théorique à la fin de la période | B10: =IFERROR(B7+B8-B9,0) | F10: Transactions de dépense | G10: =IFERROR(COUNTIFS('Registre'!$C$3:$C$502,"Dépense",'Registre'!$B$3:$B$502,">="&'Paramètres'!$B$4,'Registre'!$B$3:$B$502,"<="&'Paramètres'!$B$5),0)
A11: Montant réellement compté | B11: ='Paramètres'!$B$8
A12: Écart de caisse | B12: =IFERROR(B11-B10,0) | F12: Les montants de TPS et de TVQ sont présentés pour le suivi administratif seulement. Vérifier l’admissibilité fiscale des crédits de taxe sur les intrants auprès de la personne responsable de la comptabilité.
A14: État du rapprochement | B14: =IFERROR(IF(B12=0,"Rapproché",IF(B12>0,"Excédent à expliquer","Manquant à expliquer")),"À vérifier")
A17: Catégorie | B17: Dépenses avant taxes | C17: Dépenses taxes incluses | F17: Contrôles finaux
A18: Fournitures de bureau | B18: =IFERROR(SUMIFS('Registre'!$G$3:$G$502,'Registre'!$D$3:$D$502,$A18,'Registre'!$C$3:$C$502,"Dépense",'Registre'!$B$3:$B$502,">="&'Paramètres'!$B$4,'Registre'!$B$3:$B$502,"<="&'Paramètres'!$B$5),0) | C18: =IFERROR(SUMIFS('Registre'!$K$3:$K$502,'Registre'!$D$3:$D$502,$A18,'Registre'!$C$3:$C$502,"Dépense",'Registre'!$B$3:$B$502,">="&'Paramètres'!$B$4,'Registre'!$B$3:$B$502,"<="&'Paramètres'!$B$5),0) | F18: Solde négatif détecté | G18: =IFERROR(COUNTIF('Registre'!$N$3:$N$502,"<0"),0)
A19: Déplacements | B19: =IFERROR(SUMIFS('Registre'!$G$3:$G$502,'Registre'!$D$3:$D$502,$A19,'Registre'!$C$3:$C$502,"Dépense",'Registre'!$B$3:$B$502,">="&'Paramètres'!$B$4,'Registre'!$B$3:$B$502,"<="&'Paramètres'!$B$5),0) | C19: =IFERROR(SUMIFS('Registre'!$K$3:$K$502,'Registre'!$D$3:$D$502,$A19,'Registre'!$C$3:$C$502,"Dépense",'Registre'!$B$3:$B$502,">="&'Paramètres'!$B$4,'Registre'!$B$3:$B$502,"<="&'Paramètres'!$B$5),0) | F19: Transactions hors période | G19: =IFERROR(COUNTIFS('Registre'!$B$3:$B$502,"<"&'Paramètres'!$B$4)+COUNTIFS('Registre'!$B$3:$B$502,">"&'Paramètres'!$B$5),0)
A20: Stationnement | B20: =IFERROR(SUMIFS('Registre'!$G$3:$G$502,'Registre'!$D$3:$D$502,$A20,'Registre'!$C$3:$C$502,"Dépense",'Registre'!$B$3:$B$502,">="&'Paramètres'!$B$4,'Registre'!$B$3:$B$502,"<="&'Paramètres'!$B$5),0) | C20: =IFERROR(SUMIFS('Registre'!$K$3:$K$502,'Registre'!$D$3:$D$502,$A20,'Registre'!$C$3:$C$502,"Dépense",'Registre'!$B$3:$B$502,">="&'Paramètres'!$B$4,'Registre'!$B$3:$B$502,"<="&'Paramètres'!$B$5),0) | F20: Reçus à obtenir | G20: =IFERROR(COUNTIFS('Registre'!$P$3:$P$502,"À obtenir"),0)
A21: Repas et représentation | B21: =IFERROR(SUMIFS('Registre'!$G$3:$G$502,'Registre'!$D$3:$D$502,$A21,'Registre'!$C$3:$C$502,"Dépense",'Registre'!$B$3:$B$502,">="&'Paramètres'!$B$4,'Registre'!$B$3:$B$502,"<="&'Paramètres'!$B$5),0) | C21: =IFERROR(SUMIFS('Registre'!$K$3:$K$502,'Registre'!$D$3:$D$502,$A21,'Registre'!$C$3:$C$502,"Dépense",'Registre'!$B$3:$B$502,">="&'Paramètres'!$B$4,'Registre'!$B$3:$B$502,"<="&'Paramètres'!$B$5),0) | F21: Écart de caisse | G21: =B12
A22: Entretien et nettoyage | B22: =IFERROR(SUMIFS('Registre'!$G$3:$G$502,'Registre'!$D$3:$D$502,$A22,'Registre'!$C$3:$C$502,"Dépense",'Registre'!$B$3:$B$502,">="&'Paramètres'!$B$4,'Registre'!$B$3:$B$502,"<="&'Paramètres'!$B$5),0) | C22: =IFERROR(SUMIFS('Registre'!$K$3:$K$502,'Registre'!$D$3:$D$502,$A22,'Registre'!$C$3:$C$502,"Dépense",'Registre'!$B$3:$B$502,">="&'Paramètres'!$B$4,'Registre'!$B$3:$B$502,"<="&'Paramètres'!$B$5),0) | F22: Contrôle des mouvements | G22: =IFERROR(IF(B10=B7+B8-B9,"Conforme","À vérifier"),"À vérifier")
A23: Frais postaux | B23: =IFERROR(SUMIFS('Registre'!$G$3:$G$502,'Registre'!$D$3:$D$502,$A23,'Registre'!$C$3:$C$502,"Dépense",'Registre'!$B$3:$B$502,">="&'Paramètres'!$B$4,'Registre'!$B$3:$B$502,"<="&'Paramètres'!$B$5),0) | C23: =IFERROR(SUMIFS('Registre'!$K$3:$K$502,'Registre'!$D$3:$D$502,$A23,'Registre'!$C$3:$C$502,"Dépense",'Registre'!$B$3:$B$502,">="&'Paramètres'!$B$4,'Registre'!$B$3:$B$502,"<="&'Paramètres'!$B$5),0) | F23: Résultat global | G23: =IFERROR(IF(AND(G18=0,G19=0,G20=0,B12=0,G22="Conforme"),"Contrôle complété","Action requise"),"Action requise")
A24: Télécommunications | B24: =IFERROR(SUMIFS('Registre'!$G$3:$G$502,'Registre'!$D$3:$D$502,$A24,'Registre'!$C$3:$C$502,"Dépense",'Registre'!$B$3:$B$502,">="&'Paramètres'!$B$4,'Registre'!$B$3:$B$502,"<="&'Paramètres'!$B$5),0) | C24: =IFERROR(SUMIFS('Registre'!$K$3:$K$502,'Registre'!$D$3:$D$502,$A24,'Registre'!$C$3:$C$502,"Dépense",'Registre'!$B$3:$B$502,">="&'Paramètres'!$B$4,'Registre'!$B$3:$B$502,"<="&'Paramètres'!$B$5),0) | G24: =""
A25: Autres dépenses | B25: =IFERROR(SUMIFS('Registre'!$G$3:$G$502,'Registre'!$D$3:$D$502,$A25,'Registre'!$C$3:$C$502,"Dépense",'Registre'!$B$3:$B$502,">="&'Paramètres'!$B$4,'Registre'!$B$3:$B$502,"<="&'Paramètres'!$B$5),0) | C25: =IFERROR(SUMIFS('Registre'!$K$3:$K$502,'Registre'!$D$3:$D$502,$A25,'Registre'!$C$3:$C$502,"Dépense",'Registre'!$B$3:$B$502,">="&'Paramètres'!$B$4,'Registre'!$B$3:$B$502,"<="&'Paramètres'!$B$5),0) | G25: =""
B26: ="" | C26: ="" | G26: =""
B27: ="" | C27: ="" | G27: =""
B28: ="" | C28: ="" | G28: =""
B29: ="" | C29: ="" | G29: =""
B30: ="" | C30: ="" | G30: =""
B31: ="" | C31: ="" | G31: =""
B32: ="" | C32: ="" | G32: =""
B33: ="" | C33: ="" | G33: =""
B34: ="" | C34: ="" | G34: =""
B35: ="" | C35: ="" | G35: =""
B36: ="" | C36: ="" | G36: =""
B37: ="" | C37: ="" | G37: =""
... B101: ="" | C101: ="" | G101: =""

Sheet Paramètres
A1: Paramètres du suivi de petite caisse
A3: Période de suivi | F3: Type de mouvement | G3: Catégorie | H3: Traitement des taxes | I3: Statut justificatif | J3: Mode de paiement
A4: Date de début de la période | B4: 46266 | F4: Dépense | G4: Fournitures de bureau | H4: Taxable | I4: Reçu joint | J4: Argent comptant
A5: Date de fin de la période | B5: 46295 | F5: Approvisionnement | G5: Déplacements | H5: Exonéré | I5: À obtenir | J5: Remboursement comptant
A6: Solde initial de la petite caisse | B6: 300 | F6: Remboursement | G6: Stationnement | H6: Non applicable | I6: Non requis | J6: Ajustement administratif
A7: Date du comptage réel | B7: 46295 | F7: Correction positive | G7: Repas et représentation
A8: Montant réellement compté | B8: 423.9 | F8: Correction négative | G8: Entretien et nettoyage
G9: Frais postaux
A10: Taux de taxes utilisés pour le suivi | G10: Télécommunications
A11: Taux TPS | B11: 0.05 | G11: Autres dépenses
A12: Taux TVQ | B12: 0.09975 | G12: Approvisionnement de caisse
G13: Remboursement reçu
A14: Les taux sont modifiables. Confirmer l’admissibilité des taxes et le traitement fiscal des dépenses avec la personne responsable de la comptabilité. | G14: Correction

Sheet Registre
A1: Registre des mouvements de petite caisse
A2: No transaction | B2: Date | C2: Type de mouvement | D2: Catégorie | E2: Fournisseur ou bénéficiaire | F2: Description | G2: Montant avant taxes ou montant du mouvement | H2: Traitement des taxes | I2: TPS | J2: TVQ | K2: Total du mouvement | L2: Entrée en caisse | M2: Sortie de caisse | N2: Solde théorique | O2: Mode de paiement | P2: Statut justificatif | Q2: Notes
A3: 1 | B3: 46266 | C3: Approvisionnement | D3: Approvisionnement de caisse | E3: Compte bancaire de l’entreprise | F3: Retrait pour renflouer la petite caisse | G3: 200 | H3: Non applicable | I3: =IF($A3="","",IFERROR(IF(AND($C3="Dépense",$H3="Taxable"),ROUND($G3*'Paramètres'!$B$11,2),0),0)) | J3: =IF($A3="","",IFERROR(IF(AND($C3="Dépense",$H3="Taxable"),ROUND($G3*'Paramètres'!$B$12,2),0),0)) | K3: =IF($A3="","",IFERROR(IF($C3="Dépense",ROUND($G3+$I3+$J3,2),$G3),0)) | L3: =IF($A3="","",IFERROR(IF(OR($C3="Approvisionnement",$C3="Remboursement",$C3="Correction positive"),$K3,0),0)) | M3: =IF($A3="","",IFERROR(IF(OR($C3="Dépense",$C3="Correction négative"),$K3,0),0)) | N3: =IF($A3="","",IFERROR('Paramètres'!$B$6+$L3-$M3,0)) | O3: Argent comptant | P3: Reçu joint | Q3: Retrait bancaire de départ
A4: 2 | B4: 46268 | C4: Dépense | D4: Fournitures de bureau | E4: Bureau en Gros | F4: Achat de stylos, cahier et ruban adhésif | G4: 42.5 | H4: Taxable | I4: =IF($A4="","",IFERROR(IF(AND($C4="Dépense",$H4="Taxable"),ROUND($G4*'Paramètres'!$B$11,2),0),0)) | J4: =IF($A4="","",IFERROR(IF(AND($C4="Dépense",$H4="Taxable"),ROUND($G4*'Paramètres'!$B$12,2),0),0)) | K4: =IF($A4="","",IFERROR(IF($C4="Dépense",ROUND($G4+$I4+$J4,2),$G4),0)) | L4: =IF($A4="","",IFERROR(IF(OR($C4="Approvisionnement",$C4="Remboursement",$C4="Correction positive"),$K4,0),0)) | M4: =IF($A4="","",IFERROR(IF(OR($C4="Dépense",$C4="Correction négative"),$K4,0),0)) | N4: =IF($A4="","",IFERROR(N3+$L4-$M4,0)) | O4: Argent comptant | P4: Reçu joint | Q4: Reçu no BG-58421
A5: 3 | B5: 46269 | C5: Dépense | D5: Stationnement | E5: Indigo Stationnement | F5: Stationnement pour rendez-vous client au centre-ville | G5: 15 | H5: Taxable | I5: =IF($A5="","",IFERROR(IF(AND($C5="Dépense",$H5="Taxable"),ROUND($G5*'Paramètres'!$B$11,2),0),0)) | J5: =IF($A5="","",IFERROR(IF(AND($C5="Dépense",$H5="Taxable"),ROUND($G5*'Paramètres'!$B$12,2),0),0)) | K5: =IF($A5="","",IFERROR(IF($C5="Dépense",ROUND($G5+$I5+$J5,2),$G5),0)) | L5: =IF($A5="","",IFERROR(IF(OR($C5="Approvisionnement",$C5="Remboursement",$C5="Correction positive"),$K5,0),0)) | M5: =IF($A5="","",IFERROR(IF(OR($C5="Dépense",$C5="Correction négative"),$K5,0),0)) | N5: =IF($A5="","",IFERROR(N4+$L5-$M5,0)) | O5: Argent comptant | P5: Reçu joint | Q5: Rendez-vous client
A6: 4 | B6: 46271 | C6: Dépense | D6: Frais postaux | E6: Postes Canada | F6: Envoi de documents administratifs | G6: 18.4 | H6: Exonéré | I6: =IF($A6="","",IFERROR(IF(AND($C6="Dépense",$H6="Taxable"),ROUND($G6*'Paramètres'!$B$11,2),0),0)) | J6: =IF($A6="","",IFERROR(IF(AND($C6="Dépense",$H6="Taxable"),ROUND($G6*'Paramètres'!$B$12,2),0),0)) | K6: =IF($A6="","",IFERROR(IF($C6="Dépense",ROUND($G6+$I6+$J6,2),$G6),0)) | L6: =IF($A6="","",IFERROR(IF(OR($C6="Approvisionnement",$C6="Remboursement",$C6="Correction positive"),$K6,0),0)) | M6: =IF($A6="","",IFERROR(IF(OR($C6="Dépense",$C6="Correction négative"),$K6,0),0)) | N6: =IF($A6="","",IFERROR(N5+$L6-$M6,0)) | O6: Argent comptant | P6: Reçu joint | Q6: Envoi recommandé
A7: 5 | B7: 46275 | C7: Dépense | D7: Repas et représentation | E7: Café du Vieux-Port | F7: Café et repas lors d’une rencontre client | G7: 36 | H7: Taxable | I7: =IF($A7="","",IFERROR(IF(AND($C7="Dépense",$H7="Taxable"),ROUND($G7*'Paramètres'!$B$11,2),0),0)) | J7: =IF($A7="","",IFERROR(IF(AND($C7="Dépense",$H7="Taxable"),ROUND($G7*'Paramètres'!$B$12,2),0),0)) | K7: =IF($A7="","",IFERROR(IF($C7="Dépense",ROUND($G7+$I7+$J7,2),$G7),0)) | L7: =IF($A7="","",IFERROR(IF(OR($C7="Approvisionnement",$C7="Remboursement",$C7="Correction positive"),$K7,0),0)) | M7: =IF($A7="","",IFERROR(IF(OR($C7="Dépense",$C7="Correction négative"),$K7,0),0)) | N7: =IF($A7="","",IFERROR(N6+$L7-$M7,0)) | O7: Argent comptant | P7: Reçu joint | Q7: Rencontre avec client potentiel
A8: 6 | B8: 46277 | C8: Remboursement | D8: Remboursement reçu | E8: Marie Tremblay | F8: Remboursement d’une avance de petite caisse non utilisée | G8: 12 | H8: Non applicable | I8: =IF($A8="","",IFERROR(IF(AND($C8="Dépense",$H8="Taxable"),ROUND($G8*'Paramètres'!$B$11,2),0),0)) | J8: =IF($A8="","",IFERROR(IF(AND($C8="Dépense",$H8="Taxable"),ROUND($G8*'Paramètres'!$B$12,2),0),0)) | K8: =IF($A8="","",IFERROR(IF($C8="Dépense",ROUND($G8+$I8+$J8,2),$G8),0)) | L8: =IF($A8="","",IFERROR(IF(OR($C8="Approvisionnement",$C8="Remboursement",$C8="Correction positive"),$K8,0),0)) | M8: =IF($A8="","",IFERROR(IF(OR($C8="Dépense",$C8="Correction négative"),$K8,0),0)) | N8: =IF($A8="","",IFERROR(N7+$L8-$M8,0)) | O8: Remboursement comptant | P8: Reçu joint | Q8: Retour d’avance
A9: 7 | B9: 46280 | C9: Dépense | D9: Entretien et nettoyage | E9: Dollarama | F9: Produits de nettoyage pour le bureau | G9: 21.75 | H9: Taxable | I9: =IF($A9="","",IFERROR(IF(AND($C9="Dépense",$H9="Taxable"),ROUND($G9*'Paramètres'!$B$11,2),0),0)) | J9: =IF($A9="","",IFERROR(IF(AND($C9="Dépense",$H9="Taxable"),ROUND($G9*'Paramètres'!$B$12,2),0),0)) | K9: =IF($A9="","",IFERROR(IF($C9="Dépense",ROUND($G9+$I9+$J9,2),$G9),0)) | L9: =IF($A9="","",IFERROR(IF(OR($C9="Approvisionnement",$C9="Remboursement",$C9="Correction positive"),$K9,0),0)) | M9: =IF($A9="","",IFERROR(IF(OR($C9="Dépense",$C9="Correction négative"),$K9,0),0)) | N9: =IF($A9="","",IFERROR(N8+$L9-$M9,0)) | O9: Argent comptant | P9: Reçu joint | Q9: Produits de cuisine et salle de bain
A10: 8 | B10: 46283 | C10: Correction négative | D10: Correction | E10: Petite caisse | F10: Ajustement pour erreur de monnaie | G10: 5 | H10: Non applicable | I10: =IF($A10="","",IFERROR(IF(AND($C10="Dépense",$H10="Taxable"),ROUND($G10*'Paramètres'!$B$11,2),0),0)) | J10: =IF($A10="","",IFERROR(IF(AND($C10="Dépense",$H10="Taxable"),ROUND($G10*'Paramètres'!$B$12,2),0),0)) | K10: =IF($A10="","",IFERROR(IF($C10="Dépense",ROUND($G10+$I10+$J10,2),$G10),0)) | L10: =IF($A10="","",IFERROR(IF(OR($C10="Approvisionnement",$C10="Remboursement",$C10="Correction positive"),$K10,0),0)) | M10: =IF($A10="","",IFERROR(IF(OR($C10="Dépense",$C10="Correction négative"),$K10,0),0)) | N10: =IF($A10="","",IFERROR(N9+$L10-$M10,0)) | O10: Ajustement administratif | P10: Non requis | Q10: Écart constaté lors d’un comptage intermédiaire
A11: 9 | B11: 46287 | C11: Dépense | D11: Déplacements | E11: Taxi Coop | F11: Déplacement local pour livraison urgente | G11: 28 | H11: Taxable | I11: =IF($A11="","",IFERROR(IF(AND($C11="Dépense",$H11="Taxable"),ROUND($G11*'Paramètres'!$B$11,2),0),0)) | J11: =IF($A11="","",IFERROR(IF(AND($C11="Dépense",$H11="Taxable"),ROUND($G11*'Paramètres'!$B$12,2),0),0)) | K11: =IF($A11="","",IFERROR(IF($C11="Dépense",ROUND($G11+$I11+$J11,2),$G11),0)) | L11: =IF($A11="","",IFERROR(IF(OR($C11="Approvisionnement",$C11="Remboursement",$C11="Correction positive"),$K11,0),0)) | M11: =IF($A11="","",IFERROR(IF(OR($C11="Dépense",$C11="Correction négative"),$K11,0),0)) | N11: =IF($A11="","",IFERROR(N10+$L11-$M11,0)) | O11: Argent comptant | P11: À obtenir | Q11: Reçu à demander au chauffeur
A12: 10 | B12: 46293 | C12: Approvisionnement | D12: Approvisionnement de caisse | E12: Compte bancaire de l’entreprise | F12: Renflouement de la petite caisse | G12: 100 | H12: Non applicable | I12: =IF($A12="","",IFERROR(IF(AND($C12="Dépense",$H12="Taxable"),ROUND($G12*'Paramètres'!$B$11,2),0),0)) | J12: =IF($A12="","",IFERROR(IF(AND($C12="Dépense",$H12="Taxable"),ROUND($G12*'Paramètres'!$B$12,2),0),0)) | K12: =IF($A12="","",IFERROR(IF($C12="Dépense",ROUND($G12+$I12+$J12,2),$G12),0)) | L12: =IF($A12="","",IFERROR(IF(OR($C12="Approvisionnement",$C12="Remboursement",$C12="Correction positive"),$K12,0),0)) | M12: =IF($A12="","",IFERROR(IF(OR($C12="Dépense",$C12="Correction négative"),$K12,0),0)) | N12: =IF($A12="","",IFERROR(N11+$L12-$M12,0)) | O12: Argent comptant | P12: Reçu joint | Q12: Retrait bancaire no 1128
I13: =IF($A13="","",IFERROR(IF(AND($C13="Dépense",$H13="Taxable"),ROUND($G13*'Paramètres'!$B$11,2),0),0)) | J13: =IF($A13="","",IFERROR(IF(AND($C13="Dépense",$H13="Taxable"),ROUND($G13*'Paramètres'!$B$12,2),0),0)) | K13: =IF($A13="","",IFERROR(IF($C13="Dépense",ROUND($G13+$I13+$J13,2),$G13),0)) | L13: =IF($A13="","",IFERROR(IF(OR($C13="Approvisionnement",$C13="Remboursement",$C13="Correction positive"),$K13,0),0)) | M13: =IF($A13="","",IFERROR(IF(OR($C13="Dépense",$C13="Correction négative"),$K13,0),0)) | N13: =IF($A13="","",IFERROR(N12+$L13-$M13,0))
I14: =IF($A14="","",IFERROR(IF(AND($C14="Dépense",$H14="Taxable"),ROUND($G14*'Paramètres'!$B$11,2),0),0)) | J14: =IF($A14="","",IFERROR(IF(AND($C14="Dépense",$H14="Taxable"),ROUND($G14*'Paramètres'!$B$12,2),0),0)) | K14: =IF($A14="","",IFERROR(IF($C14="Dépense",ROUND($G14+$I14+$J14,2),$G14),0)) | L14: =IF($A14="","",IFERROR(IF(OR($C14="Approvisionnement",$C14="Remboursement",$C14="Correction positive"),$K14,0),0)) | M14: =IF($A14="","",IFERROR(IF(OR($C14="Dépense",$C14="Correction négative"),$K14,0),0)) | N14: =IF($A14="","",IFERROR(N13+$L14-$M14,0))
I15: =IF($A15="","",IFERROR(IF(AND($C15="Dépense",$H15="Taxable"),ROUND($G15*'Paramètres'!$B$11,2),0),0)) | J15: =IF($A15="","",IFERROR(IF(AND($C15="Dépense",$H15="Taxable"),ROUND($G15*'Paramètres'!$B$12,2),0),0)) | K15: =IF($A15="","",IFERROR(IF($C15="Dépense",ROUND($G15+$I15+$J15,2),$G15),0)) | L15: =IF($A15="","",IFERROR(IF(OR($C15="Approvisionnement",$C15="Remboursement",$C15="Correction positive"),$K15,0),0)) | M15: =IF($A15="","",IFERROR(IF(OR($C15="Dépense",$C15="Correction négative"),$K15,0),0)) | N15: =IF($A15="","",IFERROR(N14+$L15-$M15,0))
I16: =IF($A16="","",IFERROR(IF(AND($C16="Dépense",$H16="Taxable"),ROUND($G16*'Paramètres'!$B$11,2),0),0)) | J16: =IF($A16="","",IFERROR(IF(AND($C16="Dépense",$H16="Taxable"),ROUND($G16*'Paramètres'!$B$12,2),0),0)) | K16: =IF($A16="","",IFERROR(IF($C16="Dépense",ROUND($G16+$I16+$J16,2),$G16),0)) | L16: =IF($A16="","",IFERROR(IF(OR($C16="Approvisionnement",$C16="Remboursement",$C16="Correction positive"),$K16,0),0)) | M16: =IF($A16="","",IFERROR(IF(OR($C16="Dépense",$C16="Correction négative"),$K16,0),0)) | N16: =IF($A16="","",IFERROR(N15+$L16-$M16,0))
I17: =IF($A17="","",IFERROR(IF(AND($C17="Dépense",$H17="Taxable"),ROUND($G17*'Paramètres'!$B$11,2),0),0)) | J17: =IF($A17="","",IFERROR(IF(AND($C17="Dépense",$H17="Taxable"),ROUND($G17*'Paramètres'!$B$12,2),0),0)) | K17: =IF($A17="","",IFERROR(IF($C17="Dépense",ROUND($G17+$I17+$J17,2),$G17),0)) | L17: =IF($A17="","",IFERROR(IF(OR($C17="Approvisionnement",$C17="Remboursement",$C17="Correction positive"),$K17,0),0)) | M17: =IF($A17="","",IFERROR(IF(OR($C17="Dépense",$C17="Correction négative"),$K17,0),0)) | N17: =IF($A17="","",IFERROR(N16+$L17-$M17,0))
I18: =IF($A18="","",IFERROR(IF(AND($C18="Dépense",$H18="Taxable"),ROUND($G18*'Paramètres'!$B$11,2),0),0)) | J18: =IF($A18="","",IFERROR(IF(AND($C18="Dépense",$H18="Taxable"),ROUND($G18*'Paramètres'!$B$12,2),0),0)) | K18: =IF($A18="","",IFERROR(IF($C18="Dépense",ROUND($G18+$I18+$J18,2),$G18),0)) | L18: =IF($A18="","",IFERROR(IF(OR($C18="Approvisionnement",$C18="Remboursement",$C18="Correction positive"),$K18,0),0)) | M18: =IF($A18="","",IFERROR(IF(OR($C18="Dépense",$C18="Correction négative"),$K18,0),0)) | N18: =IF($A18="","",IFERROR(N17+$L18-$M18,0))
I19: =IF($A19="","",IFERROR(IF(AND($C19="Dépense",$H19="Taxable"),ROUND($G19*'Paramètres'!$B$11,2),0),0)) | J19: =IF($A19="","",IFERROR(IF(AND($C19="Dépense",$H19="Taxable"),ROUND($G19*'Paramètres'!$B$12,2),0),0)) | K19: =IF($A19="","",IFERROR(IF($C19="Dépense",ROUND($G19+$I19+$J19,2),$G19),0)) | L19: =IF($A19="","",IFERROR(IF(OR($C19="Approvisionnement",$C19="Remboursement",$C19="Correction positive"),$K19,0),0)) | M19: =IF($A19="","",IFERROR(IF(OR($C19="Dépense",$C19="Correction négative"),$K19,0),0)) | N19: =IF($A19="","",IFERROR(N18+$L19-$M19,0))
I20: =IF($A20="","",IFERROR(IF(AND($C20="Dépense",$H20="Taxable"),ROUND($G20*'Paramètres'!$B$11,2),0),0)) | J20: =IF($A20="","",IFERROR(IF(AND($C20="Dépense",$H20="Taxable"),ROUND($G20*'Paramètres'!$B$12,2),0),0)) | K20: =IF($A20="","",IFERROR(IF($C20="Dépense",ROUND($G20+$I20+$J20,2),$G20),0)) | L20: =IF($A20="","",IFERROR(IF(OR($C20="Approvisionnement",$C20="Remboursement",$C20="Correction positive"),$K20,0),0)) | M20: =IF($A20="","",IFERROR(IF(OR($C20="Dépense",$C20="Correction négative"),$K20,0),0)) | N20: =IF($A20="","",IFERROR(N19+$L20-$M20,0))
I21: =IF($A21="","",IFERROR(IF(AND($C21="Dépense",$H21="Taxable"),ROUND($G21*'Paramètres'!$B$11,2),0),0)) | J21: =IF($A21="","",IFERROR(IF(AND($C21="Dépense",$H21="Taxable"),ROUND($G21*'Paramètres'!$B$12,2),0),0)) | K21: =IF($A21="","",IFERROR(IF($C21="Dépense",ROUND($G21+$I21+$J21,2),$G21),0)) | L21: =IF($A21="","",IFERROR(IF(OR($C21="Approvisionnement",$C21="Remboursement",$C21="Correction positive"),$K21,0),0)) | M21: =IF($A21="","",IFERROR(IF(OR($C21="Dépense",$C21="Correction négative"),$K21,0),0)) | N21: =IF($A21="","",IFERROR(N20+$L21-$M21,0))
I22: =IF($A22="","",IFERROR(IF(AND($C22="Dépense",$H22="Taxable"),ROUND($G22*'Paramètres'!$B$11,2),0),0)) | J22: =IF($A22="","",IFERROR(IF(AND($C22="Dépense",$H22="Taxable"),ROUND($G22*'Paramètres'!$B$12,2),0),0)) | K22: =IF($A22="","",IFERROR(IF($C22="Dépense",ROUND($G22+$I22+$J22,2),$G22),0)) | L22: =IF($A22="","",IFERROR(IF(OR($C22="Approvisionnement",$C22="Remboursement",$C22="Correction positive"),$K22,0),0)) | M22: =IF($A22="","",IFERROR(IF(OR($C22="Dépense",$C22="Correction négative"),$K22,0),0)) | N22: =IF($A22="","",IFERROR(N21+$L22-$M22,0))
I23: =IF($A23="","",IFERROR(IF(AND($C23="Dépense",$H23="Taxable"),ROUND($G23*'Paramètres'!$B$11,2),0),0)) | J23: =IF($A23="","",IFERROR(IF(AND($C23="Dépense",$H23="Taxable"),ROUND($G23*'Paramètres'!$B$12,2),0),0)) | K23: =IF($A23="","",IFERROR(IF($C23="Dépense",ROUND($G23+$I23+$J23,2),$G23),0)) | L23: =IF($A23="","",IFERROR(IF(OR($C23="Approvisionnement",$C23="Remboursement",$C23="Correction positive"),$K23,0),0)) | M23: =IF($A23="","",IFERROR(IF(OR($C23="Dépense",$C23="Correction négative"),$K23,0),0)) | N23: =IF($A23="","",IFERROR(N22+$L23-$M23,0))
I24: =IF($A24="","",IFERROR(IF(AND($C24="Dépense",$H24="Taxable"),ROUND($G24*'Paramètres'!$B$11,2),0),0)) | J24: =IF($A24="","",IFERROR(IF(AND($C24="Dépense",$H24="Taxable"),ROUND($G24*'Paramètres'!$B$12,2),0),0)) | K24: =IF($A24="","",IFERROR(IF($C24="Dépense",ROUND($G24+$I24+$J24,2),$G24),0)) | L24: =IF($A24="","",IFERROR(IF(OR($C24="Approvisionnement",$C24="Remboursement",$C24="Correction positive"),$K24,0),0)) | M24: =IF($A24="","",IFERROR(IF(OR($C24="Dépense",$C24="Correction négative"),$K24,0),0)) | N24: =IF($A24="","",IFERROR(N23+$L24-$M24,0))
... I502: =IF($A502="","",IFERROR(IF(AND($C502="Dépense",$H502="Taxable"),ROUND($G502*'Paramètres'!$B$11,2),0),0)) | J502: =IF($A502="","",IFERROR(IF(AND($C502="Dépense",$H502="Taxable"),ROUND($G502*'Paramètres'!$B$12,2),0),0)) | K502: =IF($A502="","",IFERROR(IF($C502="Dépense",ROUND($G502+$I502+$J502,2),$G502),0)) | L502: =IF($A502="","",IFERROR(IF(OR($C502="Approvisionnement",$C502="Remboursement",$C502="Correction positive"),$K502,0),0)) | M502: =IF($A502="","",IFERROR(IF(OR($C502="Dépense",$C502="Correction négative"),$K502,0),0)) | N502: =IF($A502="","",IFERROR(N501+$L502-$M502,0))
